 Dungeon Crawl Stone Soup version 0.28.0 (webtiles) character file.

Game seed: 8595320726233410479

70 dolemite99 the Twirler (level 4, -4/37 HPs)
             Began as a Minotaur Gladiator on Feb 5, 2022.
             Was a Follower of Fedhas.
             Slain by an orc (8 damage)
             ... on level 2 of the Dungeon.
             The game lasted 00:01:17 (1430 turns).

dolemite99 the Twirler (Minotaur Gladiator)         Turns: 1430, Time: 00:01:17

Health: -4/37      AC:  3    Str: 21    XL:     4   Next: 3%
Magic:  3/3        EV: 12    Int:  5    God:    Fedhas [*.....]
Gold:   86         SH:  0    Dex: 11    Spells: 3/3 levels left

rFire   . . .      SeeInvis .   a - +0 quarterstaff
rCold   . . .      Faith    .   (shield currently unavailable)
rNeg    . . .      Spirit   .   b - +0 leather armour
rPois   .          Reflect  .   c - +0 hat
rElec   .          Harm     .   (no cloak)
rCorr   .          Rampage  .   (no gloves)
Will    .....                   (no boots)
Stlth   +.........              (no amulet)
HPRegen 0.12/turn               (no ring)
MPRegen 0.08/turn               (no ring)

@: no status effects
A: horns 2, retaliatory headbutt
a: Renounce Religion


You were on level 2 of the Dungeon.
You worshipped Fedhas.
Fedhas was aware of your devotion.
You visited 1 branch of the dungeon, and saw 2 of its levels.

You collected 86 gold pieces.

Inventory:

Hand Weapons
 a - a +0 quarterstaff (weapon)
 f - a +0 morningstar
 j - a +2 dagger of distortion
 k - a +0 hunting sling
Missiles
 d - 3 throwing nets (quivered)
 l - 5 boomerangs
Armour
 b - a +0 leather armour (worn)
 c - a +0 hat (worn)
Scrolls
 e - a scroll of noise {unknown}
 g - a scroll of magic mapping {unknown}
 i - a scroll of teleportation {unknown}
Potions
 h - 2 potions of might {unknown}


   Skills:
 - Level 2.4 Fighting
 + Level 6.0 Staves
 - Level 2.0 Throwing
 - Level 3.2 Dodging


You had 3 spell levels left.
You didn't know any spells.
Your spell library contained the following spells:

 Spells                   Type           Power      Damage    Failure   Level
 Call Canine Familiar     Summ           0%         N/A       88%         3
 Portal Projectile        Hex/Tloc       0%         N/A       88%         3
 Leda's Liquefaction      Hex/Erth       0%         N/A       99%         4


Dungeon Overview and Level Annotations

Branches:
Dungeon (2/15)

Altars:
Fedhas


Innate Abilities, Weirdness & Mutations

You have a pair of horns on your head.
You reflexively headbutt those who attack you in melee.


Message History

You are too injured to fight recklessly!
You are too injured to fight recklessly!
You are too injured to fight recklessly!
You are too injured to fight recklessly!
You are too injured to fight recklessly!
You barely miss the orc priest. You headbutt the orc priest.
The orc priest is heavily wounded.
The orc priest hits you with a +0 whip!
* * * LOW HITPOINT WARNING * * *
You barely miss the orc priest. Your headbutt misses the orc priest.
The orc priest is heavily wounded.
The orc priest hits you with a +0 whip.
* * * LOW HITPOINT WARNING * * *
The orc hits you but does no damage.
You sock the orc priest!
You kill the orc priest!
Fedhas appreciates your contribution to the ecosystem.
The orc completely misses you. The orc barely misses you.
You have reached level 4!
You feel stronger. The orc closely misses you.
Things that are here:
a +0 whip; a +0 scale mail The orc barely misses you.
You hit the orc.
The orc is heavily wounded.
The orc closely misses you.
You sock the orc!
You kill the orc!
Fedhas appreciates your contribution to the ecosystem.
The orc hits you with a +0 flail.
* * * LOW HITPOINT WARNING * * *
The orc hits you with a +0 dagger.
* * * LOW HITPOINT WARNING * * *
Your Staves skill increases to level 6!
Things that are here:
a +0 whip; a +0 leather armour You closely miss the orc.
The orc hits you with a +0 flail!
You die...
Fedhas appreciates your contribution to the ecosystem.

###....######.......# #.#.#.#..o.
.......######.......###.#.#.# ...
##...#..............'...#.#
....#########.......###.#)#
.#.#....................#.#
##.#.#....................#
............#.#.#.^.......#
##.#.#.###.##.#.######.####
##.#.#.# #.##.#.@oo# #.#
...#.#.###.##.####)###.#### #
...#.....#.##.............####.##
##†#...............#.#...........
.#.#.#.....#########.###.#..#####
†....#.########## #.............
................# #.###.##..####
._.#.#.####.....# #.........#
.....#.# #.##..# ###.#.##..#


You could see 2 orcs.

Vanquished Creatures
  An orc priest (D:2)
  2 orcs (D:2)
  4 bats
  5 endoplasms
  A giant cockroach (D:1)
  5 goblins (D:1)
  4 hobgoblins
  3 kobolds (D:1)
  A quokka (D:2)
  5 ball pythons
  A frilled lizard (D:2)
  3 rats (D:2)
35 creatures vanquished.

Notes
Turn   | Place    | Note
-------+----------+-------------------------------------------
     0 | D:1      | dolemite99 the Minotaur Gladiator began the quest for the
                  | Orb.
     0 | D:1      | Reached XP level 1. HP: 18/18 MP: 0/0
    77 | D:1      | Reached skill level 4 in Staves
   147 | D:1      | Reached XP level 2. HP: 23/25 MP: 1/1
   697 | D:1      | Reached skill level 5 in Staves
  1057 | D:2      | Reached XP level 3. HP: 28/30 MP: 2/2
  1271 | D:2      | Found a faded altar of an unknown god.
  1281 | D:2      | Prayed at the altar of an unknown god.
  1281 | D:2      | Became a worshipper of Fedhas Madash
  1281 | D:2      | Reached * piety under Fedhas
  1425 | D:2      | Reached XP level 4. HP: 7/37 MP: 3/3
  1429 | D:2      | Reached skill level 6 in Staves
  1430 | D:2      | Slain by an orc

Illustrated notes

Levels and vault maps discovered:
D:1:      saegor_arrival_simple_c, layout_basic
D:2:      cheibrodos_pilgrimage, layout_basic,
          ebering_ecumenical_altar_abandoned

Skill      XL: |  1  2  3  4 |
---------------+-------------+-----
Staves         | 4 5 6 |  6.0
Fighting       | |  2.4
Throwing       | |  2.0
Dodging        | |  3.2

Action                   |  1- 3 |  4- 6 || total
-------------------------+-------+-------++-------
Melee: Quarterstaff      |    68 |     3 ||    71
       Headbutt          |     5 |       ||     5
 Stab: Sleeping          |     2 |       ||     2
Armor: Leather armour    |    21 |       ||    21
Dodge: Dodged            |    49 |     3 ||    52
